 Dungeon Crawl Stone Soup version 0.29-a0-25-g7f48f510a0 (webtiles) character file.

Game seed: 3671934702844385312

210 timneilson the Shield-Bearer (level 5, -2/33 HPs)
             Began as a Gargoyle Fighter on Jan 31, 2022.
             Slain by a gnoll shaman (4 damage)
             ... on level 3 of the Dungeon.
             The game lasted 00:05:43 (3528 turns).

timneilson the Shield-Bearer (Gargoyle Fighter)     Turns: 3528, Time: 00:05:43

Health: -2/33      AC: 17    Str: 22    XL:     5   Next: 88%
Magic:  5/5        EV:  7    Int:  8    God:
Gold:   166        SH:  0    Dex:  9    Spells: 4/4 levels left

rFire   . . .      SeeInvis +   a - +0 long sword
rCold   . . .      Faith    .   c - +0 buckler
rNeg    + . .      Spirit   .   p - +0 chain mail
rPois   ∞          Reflect  .   h - +0 helmet
rElec   +          Harm     .   (no cloak)
rCorr   .          Rampage  .   j - +0 pair of gloves
Will    .....                   l - +0 pair of boots
Stlth   ..........              (no amulet)
HPRegen 0.11/turn               f - ring of see invisible
MPRegen 0.09/turn               (no ring)

@: confused, mighty
A: sickness immunity, AC +4, negative energy resistance 1, electricity
resistance, torment resistance 1, petrification resistance
a: no special abilities


You were on level 3 of the Dungeon.
You visited 1 branch of the dungeon, and saw 4 of its levels.

You collected 166 gold pieces.

Inventory:

Hand Weapons
 a - a +0 long sword (weapon)
Armour
 c - a +0 buckler (worn)
 h - a +0 helmet (worn)
 j - a +0 pair of gloves (worn)
 l - a +0 pair of boots (worn)
 n - a +0 plate armour
 p - a +0 chain mail (worn)
Jewellery
 f - a ring of see invisible (left hand)
Potions
 d - a potion of might
 e - 3 potions of heal wounds
 g - 2 potions of lignification {unknown}
 i - a potion of haste {unknown}
 k - 2 potions of brilliance {unknown}
 m - a potion of magic {unknown}
 q - a potion of curing {unknown}


   Skills:
 + Level 3.9 Fighting
 * Level 3.0 Long Blades
 * Level 4.3 Armour
 + Level 1.1 Dodging
 * Level 4.7 Shields


You had 4 spell levels left.
You didn't know any spells.
Your spell library contained the following spells:

 Spells                   Type           Power      Damage    Failure   Level
 Corpse Rot               Necr/Air       0%         N/A       100%        2
 Poisonous Vapours        Pois/Air       0%         N/A       100%        2
 Petrify                  Tmut/Erth      0%         N/A       100%        4
 Irradiate                Conj/Tmut      0%         3d13      100%        5
 Sublimation of Blood     Necr           Unusable   N/A       N/A         2

Dungeon Overview and Level Annotations

Branches:
Dungeon (4/15)
 Temple: D:4-7

Altars:
Kikubaaqudgha

Shops:
D:1 [   D:4 ==(

Annotations:
D:4 Sigmund


Innate Abilities, Weirdness & Mutations

You are immune to sickness and miasma.
Your stone body is resilient. (AC +4)
You are immune to poison.
You resist negative energy. (rN+)
You are resistant to electric shocks. (rElec)
You are resistant to unholy torment.
You are immune to petrification.


Message History

You are more confused.
The gnoll hits you from afar with a +0 spear.
The gnoll shaman hits you with a +0 club.
You closely miss the gnoll shaman. Sigmund hits you but does no damage.
The gnoll hits you but does no damage.
The gnoll shaman hits you with a +0 club!
* * * LOW HITPOINT WARNING * * *
You slash the gnoll shaman!
The gnoll shaman is heavily wounded.
The gnoll barely misses you.
The gnoll shaman hits you with a +0 club.
* * * LOW HITPOINT WARNING * * *
Sigmund hits you but does no damage.
The gnoll hits you from afar with a +0 spear.
* * * LOW HITPOINT WARNING * * *
Sigmund mumbles some strange words.
Sigmund flickers and vanishes for a moment.
There is a stone staircase leading up here.
The gnoll shaman hits you but does no damage.
The gnoll barely misses you. Sigmund closely misses you.
In your confused state, you trip and fall back down the stairs.
* * * LOW HITPOINT WARNING * * *
The gnoll shaman hits you but does no damage.
The gnoll hits you but does no damage.
Unknown command.
The gnoll shaman calls upon its god to speed up the gnoll.
The gnoll seems to speed up.
Sigmund hits you from afar with a +1 scythe of protection.
* * * LOW HITPOINT WARNING * * *
The gnoll barely misses you.
In your confused state, you trip and fall back down the stairs.
* * * LOW HITPOINT WARNING * * *
The gnoll shaman closely misses you. The gnoll hits you but does no damage.
Sigmund hits you but does no damage. The gnoll barely misses you.
The gnoll shaman completely misses you. The gnoll barely misses you.
You climb upwards.
There is a stone staircase leading down here.
The gnoll shaman hits you with a +0 club.
You die...

###### ###### #....#
#....# #.##.# #....#
#.##.# #....# #..#.#
#....# #########.#.#
#....# #.......#)#.#
#....#
#.#####@#)#.####....####
#.#.....g...........'...
#.#.###...#.####....###.
#.#.......#.# #....# #.
##.#####...#.# ###### #.
#..........#.###########.
########.................
##....###########.
#..........# #.


You could see a gnoll shaman.

Vanquished Creatures
  A howler monkey (D:3)
  An iguana (D:4)
  3 adders
  2 gnolls (D:3)
  An ufetubus (D:4)
  An adder skeleton (D:4)
  An adder zombie (D:4)
  A worm (D:4)
  6 orcs
  5 ball pythons
  12 bats
  7 endoplasms
  3 giant cockroaches
  8 goblins
  8 hobgoblins
  3 quokkas
  5 frilled lizards
  6 kobolds
  8 rats
82 creatures vanquished.

Notes
Turn   | Place    | Note
-------+----------+-------------------------------------------
     0 | D:1      | timneilson the Gargoyle Fighter began the quest for the
                  | Orb.
     0 | D:1      | Reached XP level 1. HP: 14/14 MP: 1/1
   156 | D:1      | Reached XP level 2. HP: 14/19 MP: 2/2
   272 | D:1      | Found Fymet's Antique Armour Emporium.
   959 | D:2      | Reached XP level 3. HP: 23/23 MP: 3/3
  1193 | D:2      | Found a faded altar of an unknown god.
  2018 | D:3      | Reached XP level 4. HP: 28/28 MP: 4/4
  2241 | D:3      | Reached skill level 1 in Dodging
  2241 | D:3      | Reached XP level 5. HP: 33/33 MP: 5/5
  2524 | D:4      | Found Wegginio's Jewellery Shop.
  2691 | D:4      | Found an ancient bone altar of Kikubaaqudgha.
  2710 | D:4      | Found Tutate's Weapon Emporium.
  3148 | D:4      | Found Sigaj's Jewellery Emporium.
  3246 | D:4      | Noticed Sigmund
  3528 | D:3      | Slain by a gnoll shaman

Illustrated notes

Levels and vault maps discovered:
D:1:      lightli_arrival_flooded_house, layout_basic, serial_shops,
          nicolae_shop_waterfront
D:2:      layout_basic, ebering_ecumenical_altar_mist
D:3:      layout_basic
D:4:      layout_gridville, kiku_gazebo_pond_becter, serial_shops,
          nicolae_stop_n_shop_2, kennysheep_mini, shop,
          nicolae_shop_behind_doors, chequers_serial_rivers_room_b,
          grunt_ministairs_9, serial_park_tiny_pond, item_on_display_a,
          uniq_sigmund

Skill      XL: |  1  2  3  4  5 |
---------------+----------------+-----
Long Blades    | 2 3 |  3.0
Shields        | 4 |  4.7
Armour         | 4 |  4.3
Dodging        | 1 |  1.1
Fighting       | |  3.9

Action                   |  1- 3 |  4- 6 || total
-------------------------+-------+-------++-------
Melee: Long sword        |   180 |    96 ||   276
  Use: Scroll            |     2 |     2 ||     4
       Potion            |       |     1 ||     1
Armor: Scale mail        |   139 |    29 ||   168
       Chain mail        |       |    50 ||    50
Dodge: Dodged            |   109 |    48 ||   157
Block: Buckler           |    40 |    30 ||    70

Table legend: (Time is in decaauts)
 A = Elapsed time spent in this place.
 B = Non-inter-level travel time spent in this place.
 C = Inter-level travel time spent in this place.
 D = Time resting spent in this place.
 E = Time spent auto-exploring this place.
 F = Levels seen in this place.
 G = Mean time per level.
                   A        B        C        D        E       F      G
               +--------+--------+--------+--------+--------+-----+--------+
         Total |   3625 |   3546 |     79 |    176 |   2551 |   4 |  906.2 |
       Dungeon |   3625 |   3546 |     79 |    176 |   2551 |   4 |  906.2 |
               +--------+--------+--------+--------+--------+-----+--------+

Top non-repeatable levels by time:
     D:3: 995 daAuts
     D:1: 979 daAuts
     D:2: 857 daAuts
     D:4: 792 daAuts
